 Dungeon Crawl Stone Soup version 0.18.1-50-g88ac8fd (webtiles) character file.

369 Peloso the Ducker (level 6, -3/61 HPs)
             Began as a Troll Fighter on Oct 21, 2016.
             Slain by a killer bee (7 damage)
             ... on level 4 of the Dungeon.
             The game lasted 00:07:08 (2658 turns).

Peloso the Ducker (Troll Fighter)                   Turns: 2658, Time: 00:07:08

Health: -3/61      AC:  5    Str: 25    XL:     6   Next: 41%
Magic:  5/5        EV:  9    Int:  4    God:
Gold:   207        SH:  9    Dex: 11    Spells: 0 memorised, 5 levels left

rFire  + . .     SeeInvis .     a - +0 long sword
rCold  . . .     Gourm    +     b - +0 robe
rNeg   + . .     Faith    .     c - +0 shield
rPois  .         Spirit   .     (helmet restricted)
rElec  .         Dismiss  .     (no cloak)
rCorr  .         Reflect  .     (gloves unavailable)
SustAt .         Harm     .     (boots unavailable)
MR     .....                    p - amulet of magic regeneration
Stlth  +.........               C - ring of protection from fire
                                h - ring of positive energy

@: lethally poisoned (-3 -> -7), not resistant to hostile enchantments, very
unstealthy
A: unfitting armour, claws 3, fast metabolism 3, gourmand, regeneration 2,
shaggy fur 1, tough skin 2
a: no special abilities


You were on level 4 of the Dungeon.
You were not hungry.

You visited 1 branch of the dungeon, and saw 4 of its levels.

You collected 207 gold pieces.

Inventory:

Hand Weapons
 a - a +0 long sword (weapon)
Armour
 b - a +0 robe (worn)
 c - a +0 shield (worn)
 F - a +0 scale mail
Jewellery
 h - a ring of positive energy (left claw)
 m - an uncursed amulet of the gourmand
 p - an amulet of magic regeneration (around neck)
 C - a ring of protection from fire (right claw)
 G - a cursed +4 amulet of reflection {unknown}
Wands
 s - a wand of slowing (6/48)
Scrolls
 e - a scroll of enchant weapon {unknown}
 g - 2 scrolls of identify
 j - 2 scrolls of recharging {unknown}
 o - a scroll of immolation {unknown}
 t - 2 scrolls of noise {unknown}
 y - a scroll of amnesia {unknown}
 A - a scroll of remove curse {unknown}
 D - a scroll of fog {unknown}
 E - a scroll of teleportation {unknown}
Potions
 d - a potion of agility
 k - a potion of brilliance {unknown}
 l - 3 potions of curing {unknown}
 n - 3 potions of berserk rage {unknown}
 r - 2 potions of haste {unknown}
 v - a potion of cure mutation {unknown}
 w - 2 potions of flight {unknown}
 x - a potion of cancellation {unknown}
 z - a potion of degeneration {unknown}
Comestibles
 f - 4 bread rations
 i - a beef jerky
 q - 2 meat rations
 u - 2 slices of pizza
 B - a royal jelly


   Skills:
 + Level 3.2 Fighting
 + Level 2.7 Long Blades
 + Level 4.1 Dodging
 + Level 0.4 Stealth
 + Level 3.8 Shields


You had 5 spell levels left.
You didn't know any spells.

Dungeon Overview and Level Annotations

Branches:
Dungeon (4/15)
 Temple: D:4-7

Altars:
Fedhas
Sif Muna
Zin

Annotations:
D:4 Sigmund


Innate Abilities, Weirdness & Mutations

You are too large for most types of armour.
You have claws for hands.
Your metabolism is lightning-fast.
You like to eat raw meat.
You heal very quickly.
You are covered in fur (AC +1).
You have very tough skin (AC +2).


Message History

The killer bee stings you. The killer bee barely misses you.
You completely miss the gnoll. The killer bee stings you.
Sigmund hits you from afar with a scythe!
* * * LOW HITPOINT WARNING * * *
You block the killer bee's attack. The gnoll barely misses you.
You block the gnoll's attack.
Unknown command.
You hit the gnoll.
The gnoll is moderately wounded.
You feel sick. The killer bee stings you.
* * * LOW HITPOINT WARNING * * *
You are more poisoned.
The killer bee poisons you! You block the killer bee's attack.
The gnoll hits you with a whip.
* * * LOW HITPOINT WARNING * * *
You block Sigmund's attack.
The gnoll hits you from afar with a spear.
* * * LOW HITPOINT WARNING * * *
The killer bee stings you!
You die...

#..........#
#######..........#
###.......##.......#
........#.##.......#
###.###.#...........
#.#.##........ #
#.#.##.>......
#...#######.#.#########.
.....gg@yy..............
#...#####@#.###########.
# #.#.# #. #.#.# #.
.!#.# #. ..#.# #. ...#.#
#. ...#.# ####. #...#
#....


You could see Sigmund, 2 killer bees and 2 gnolls.

Vanquished Creatures
  The ghost of Peloso the Shield-Bearer, an amateur GrFi (D:3)
  An orc priest (D:4)
  Ijyb (D:2)
  Terence (D:2)
  2 worker ants (D:4)
  3 gnolls
  An adder (D:3)
  An adder skeleton (D:4)
  2 worms (D:2)
  3 dart slugs
  A giant gecko (D:1)
  9 orcs (D:4)
  9 bats
  A giant cockroach (D:1)
  5 goblins
  4 hobgoblins
  5 jackals
  7 kobolds
  2 quokkas
  A giant gecko skeleton (D:4)
  3 giant newts (D:1)
  7 rats
70 creatures vanquished.

Notes
Turn   | Place    | Note
--------------------------------------------------------------
     0 | D:1      | Peloso the Troll Fighter began the quest for the Orb.
     0 | D:1      | Reached XP level 1. HP: 22/22 MP: 0/0
   171 | D:1      | Reached XP level 2. HP: 28/29 MP: 1/1
   764 | D:2      | Found a blossoming altar of Fedhas.
   798 | D:2      | Noticed Terence
   820 | D:2      | Killed Terence
   820 | D:2      | Reached XP level 3. HP: 24/36 MP: 2/2
  1039 | D:2      | Reached skill level 3 in Dodging
  1039 | D:2      | Reached XP level 4. HP: 38/44 MP: 3/3
  1179 | D:2      | Noticed Ijyb
  1215 | D:2      | Killed Ijyb
  1773 | D:3      | Noticed Peloso's ghost (amateur GrFi)
  1786 | D:3      | Killed Peloso's ghost
  1786 | D:3      | Reached XP level 5. HP: 20/53 MP: 4/4
  1830 | D:3      | Found a deep blue altar of Sif Muna.
  2038 | D:3      | Found a glowing silver altar of Zin.
  2234 | D:4      | Reached XP level 6. HP: 40/61 MP: 5/5
  2241 | D:4      | Reached skill level 4 in Dodging
  2647 | D:4      | Noticed Sigmund
  2658 | D:4      | Slain by a killer bee

Skill      XL: |  1  2  3  4  5  6 |
---------------+-------------------+-----
Shields        | 3 |  3.8
Dodging        | 3 4 |  4.1
Long Blades    | 2 |  2.7
Fighting       | 3 |  3.2
Stealth        | |  0.4

Action                   |  1- 3 |  4- 6 || total
-------------------------+-------+-------++-------
Melee: Long sword        |   119 |   216 ||   335
  Use: Potion            |       |     1 ||     1
       Scroll            |       |     1 ||     1
  Eat: Chunk             |    12 |    12 ||    24
Armor: Robe              |    60 |    64 ||   124
Dodge: Dodged            |    68 |    88 ||   156
Block: Shield            |    78 |   108 ||   186
